 Dungeon Crawl Stone Soup version 0.19.0-18-g426998a (webtiles) character file.

151 Delusion the Insei (level 5, -4/33 HPs)
             Began as an Octopode Transmuter on Nov 11, 2016.
             Slain by a gnoll
             ... wielding a +0 halberd
              (15 damage)
             ... on level 2 of the Dungeon.
             The game lasted 00:15:55 (3505 turns).

Delusion the Insei (Octopode Transmuter)            Turns: 3505, Time: 00:15:56

Health: -4/33      AC:  1    Str: 10    XL:     5   Next: 33%
Magic:  8/8        EV: 13    Int: 16    God:
Gold:   113        SH:  0    Dex: 12    Spells: 3 memorised, 3 levels left

rFire  . . .     SeeInvis .     p - -3 dagger (curse)
rCold  . . .     Gourm    .     (no shield)
rNeg   . . .     Faith    .     (helmet restricted)
rPois  .         Spirit   .     (no amulet)
rElec  .         Reflect  .     s - ring of loudness (curse)
rCorr  .         Harm     .     (no ring)
MR     .....                    (no ring)
Stlth  ++........               (no ring)
                                (no ring)
                                (no ring)
                                (no ring)
                                (no ring)

@: no status effects
A: almost no armour, stealthy swim, amphibious, 8 rings, constrict 8, camouflage
1, gelatinous body 1
a: no special abilities


You were on level 2 of the Dungeon.
You were hungry.

You visited 1 branch of the dungeon, and saw 3 of its levels.

You collected 113 gold pieces.

Inventory:

Hand Weapons
 e - a +3 dagger of draining
 p - a cursed -3 dagger (weapon)
 u - a +2 vampiric dagger
Missiles
 a - 45 arrows
Armour
 f - a +0 buckler
Jewellery
 s - a cursed ring of loudness (left tentacle)
Scrolls
 m - 2 scrolls of amnesia
 n - 3 scrolls of identify
 q - a scroll of immolation
 w - a scroll of blinking
Potions
 g - a potion of agility
 h - a potion of cancellation {unknown}
 j - a potion of invisibility {unknown}
 k - 3 potions of curing {unknown}
 l - 2 potions of degeneration {unknown}
 t - a potion of brilliance {unknown}
Books
 b - a book of Changes

   Spells                             Type                      Level
   a - Beastly Appendage              Transmutation                1
   b - Sticks to Snakes               Transmutation                2
   c - Spider Form                    Transmutation/Poison         3
   d - Ice Form                       Ice/Transmutation            4
   e - Blade Hands                    Transmutation                5
Comestibles
 c - 2 bread rations
 d - a meat ration
 i - 2 slices of pizza
 o - 7 chunks of flesh
 r - 4 fruits


   Skills:
 * Level 1.6 Fighting
 - Level 0.2 Short Blades
 - Level 2.0 Dodging
 * Level 2.4 Stealth
 * Level 0.2 Shields
 * Level 3.8 Unarmed Combat
 + Level 2.5 Spellcasting
 * Level 3.3 Transmutations
 * Level 1.2 Poison Magic


You had 3 spell levels left.
You knew the following spells:

 Your Spells              Type           Power        Failure   Level  Hunger
a - Beastly Appendage     Tmut           ##....       8%          1    #......
b - Sticks to Snakes      Tmut           ##......     10%         2    ##.....
c - Spider Form           Tmut/Pois      #.........   28%         3    ###....


Dungeon Overview and Level Annotations

Branches:
Dungeon (3/15)

Altars:


Innate Abilities, Weirdness & Mutations

You cannot wear most types of armour.
You are very stealthy in the water. (Stealth+)
You are amphibious.
You can wear up to eight rings at the same time.
You can use your tentacles to constrict eight enemies at once.
Your skin changes colour to match your surroundings (Stealth+).
Your rubbery body absorbs attacks. (AC +1, EV +1)


Message History

a spear; a gnoll skeleton
There is a stone staircase leading down, spattered with blood here.
Casting: Beastly Appendage
Confirm with . or Enter, or press ? or * to list all spells.
You don't know that spell.
You climb downwards.
The gnoll closely misses you. The gnoll misses you.
The gnoll completely misses you.
There is a stone staircase leading up here.
You barely miss the gnoll. You grab the gnoll.
You pierce the gnoll, but do no damage.
You constrict the gnoll, but do no damage.
The gnoll hits you with a halberd! The gnoll closely misses you.
You can't go down here!
You release your grip on the gnoll.
The gnoll barely misses you.
You climb upwards.
There is a stone staircase leading down, spattered with blood here.
Your tentacle spike disappears.
The gnoll hits you with a halberd. The gnoll barely misses you.
The gnoll hits you from afar with a halberd!
You die...

#########* ##########
#### #........# #...
#........# #####...
#........# #......(
#.....)..#########.###...
#....g>.@................
#.....g..##.######.#...##
#........................
#........##.######.#...##
###########.#...........#
#.#.##......#..
#.#.##......##.
#.#.##..[...#..
#.#.##....#...#


You could see 2 gnolls.

Vanquished Creatures
  A gnoll (D:2)
  7 adders
  2 oozes
  A worm (D:2)
  4 leopard geckos
  An orc (D:3)
  2 giant cockroaches
  6 goblins
  9 hobgoblins
  3 jackals
  3 ball pythons
  8 bats
  4 frilled lizards
  7 kobolds
  5 rats
63 creatures vanquished.

Notes
Turn   | Place    | Note
-------+----------+-------------------------------------------
     0 | D:1      | Delusion the Octopode Transmuter began the quest for the Orb.
     0 | D:1      | Reached XP level 1. HP: 13/13 MP: 3/3
   149 | D:1      | Reached XP level 2. HP: 16/18 MP: 1/5
   705 | D:1      | Reached XP level 3. HP: 19/23 MP: 6/6
  1278 | D:2      | Reached skill level 1 in Stealth
  1612 | D:2      | Learned a level 2 spell: Sticks to Snakes
  1616 | D:2      | Learned a level 3 spell: Spider Form
  2040 | D:3      | Reached XP level 4. HP: 27/28 MP: 5/7
  2450 | D:3      | Reached XP level 5. HP: 25/33 MP: 8/8
  3494 | D:2      | Reached skill level 1 in Poison Magic
  3505 | D:2      | Slain by a gnoll

Skill      XL: |  1  2  3  4  5 |
---------------+----------------+-----
Stealth        | 1 2 |  2.4
Transmutations | 3 |  3.3
Poison Magic   | 1 |  1.2
Fighting       | |  1.6
Short Blades   | |  0.2
Dodging        | |  2.0
Shields        | |  0.2
Unarmed Combat | |  3.8
Spellcasting   | |  2.5

Action                   |  1- 3 |  4- 6 || total
-------------------------+-------+-------++-------
Melee: Dagger            |    65 |    76 ||   141
       Constrict         |    18 |    19 ||    37
       Unarmed           |     4 |       ||     4
       Kick              |     8 |    11 ||    19
       Tentacles         |     7 |     9 ||    16
       Punch             |     1 |     1 ||     2
 Cast: Beastly Appendage |    20 |    10 ||    30
  Use: Scroll            |     6 |     5 ||    11
 Stab: Sleeping          |     3 |     2 ||     5
  Eat: Chunk             |     3 |     5 ||     8
       Bread ration      |       |     1 ||     1
Armor: Skin              |    16 |     4 ||    20
Dodge: Dodged            |    57 |    68 ||   125
